TOP OF THE 1ST |
BlackIron Dragons batting - Pitching for New Hampshire Fisher Cats : RHP Ron Scott
|
Pitching: RHP Ron Scott
|
|
Batting: RHB Juan Hernández
|
0-0: Called Strike 0-1: Swinging Strike 0-2: Ball 1-2: Strikes out looking
|
Batting: RHB José Colón
|
0-0: Ball 1-0: SINGLE (Popup, 4MD)
|
Batting: RHB Gil Palmer
|
0-0: Fly out, F7 (Flyball, 7D)
|
Batting: LHB Culley Vaughan
|
0-0: Ball 1-0: Called Strike 1-1: Foul Ball, location: 2F 1-2: Ball 2-2: Foul Ball, location: 2F 2-2: Ball 3-2: 2-RUN HOME RUN (Flyball, 9D), Distance : 400 ft
|
Batting: LHB Donnie Cunningham
|
0-0: Called Strike 0-1: Fly out, F9 (Flyball, 89M)
|
Top of the 1st over - 2 run(s), 2 hit(s), 0 error(s), 0 left on base; BlackIron 2 - New Hampshire 0 |
BOTTOM OF THE 1ST |
New Hampshire Fisher Cats batting - Pitching for BlackIron Dragons : RHP Víctor Ventura
|
Pitching: RHP Víctor Ventura
|
|
Batting: RHB Benjamin Lawson
|
0-0: Ball 1-0: Ball 2-0: Swinging Strike 2-1: Foul Ball, location: 2F 2-2: Strikes out swinging
|
Batting: RHB Michael Kent
|
0-0: Ball 1-0: Called Strike 1-1: Ball 2-1: Ball 3-1: Base on Balls
|
Batting: RHB Anthony Hezell
|
0-0: Called Strike 0-1: Ground out 4-3 (Groundball, 4M) Michael Kent to second
|
Batting: LHB Cam Flowers
|
0-0: Ground out 5-3 (Groundball, 15S)
|
Bottom of the 1st over - 0 run(s), 0 hit(s), 0 error(s), 1 left on base; BlackIron 2 - New Hampshire 0 |
TOP OF THE 2ND |
BlackIron Dragons batting - Pitching for New Hampshire Fisher Cats : RHP Ron Scott
|
Batting: RHB Frank Maxwell
|
0-0: Ball 1-0: Ball 2-0: Ball 3-0: Base on Balls
|
Batting: RHB Mark Arnold
|
0-0: Called Strike 0-1: Called Strike 0-2: SINGLE (Line Drive, 89S) Frank Maxwell to second Runner from 2nd tries for 3rd, OUT!
|
Batting: RHB Doug O'Brien
|
0-0: Swinging Strike 0-1: Swinging Strike 0-2: Ball 1-2: Foul Ball, location: 2F 1-2: Strikes out swinging
|
Batting: RHB Eugene Payne
|
0-0: Called Strike 0-1: Foul Ball, location: 2F 0-2: Strikes out looking
|
Top of the 2nd over - 0 run(s), 1 hit(s), 0 error(s), 1 left on base; BlackIron 2 - New Hampshire 0 |
BOTTOM OF THE 2ND |
New Hampshire Fisher Cats batting - Pitching for BlackIron Dragons : RHP Víctor Ventura
|
Batting: RHB Felipe Rivas
|
0-0: DOUBLE (Groundball, 5L)
|
Batting: RHB Si-xun Li
|
0-0: Ball 1-0: DOUBLE (Flyball, 8LXD) Felipe Rivas scores
|
Batting: RHB José Sánchez
|
0-0: Ball 1-0: Ball 2-0: Called Strike 2-1: Foul Ball, location: 2F 2-2: Ball 3-2: Base on Balls
|
Batting: LHB Tony Rivera
|
0-0: Foul Ball, location: 2F 0-1: Called Strike 0-2: Ball 1-2: Ball 2-2: Fly out, F9 (Flyball, 9D) Runner from 2nd tags up, SAFE at 3rd, no throw
|
Batting: RHB Albert Alemán
|
0-0: Called Strike 0-1: Ball 1-1: Swinging Strike 1-2: Ball 2-2: Strikes out swinging
|
Batting: RHB Benjamin Lawson
|
0-0: Called Strike 0-1: Fly out, F8 (Flyball, 8RS)
|
Bottom of the 2nd over - 1 run(s), 2 hit(s), 0 error(s), 2 left on base; BlackIron 2 - New Hampshire 1 |
TOP OF THE 3RD |
BlackIron Dragons batting - Pitching for New Hampshire Fisher Cats : RHP Ron Scott
|
Batting: RHB Juan Hernández
|
0-0: DOUBLE (Line Drive, 89M)
|
Batting: RHB José Colón
|
0-0: Ball 1-0: Swinging Strike 1-1: Foul Ball, location: 2F 1-2: Ground out 5-3 (Groundball, 56)
|
Batting: RHB Gil Palmer
|
0-0: Called Strike Juan Hernández is caught stealing 3rd base 0-1: Foul Ball, location: 2F 0-2: DOUBLE (Line Drive, 9LS)
|
Batting: LHB Culley Vaughan
|
0-0: Ball 1-0: Ball 2-0: Called Strike 2-1: Foul Ball, location: 2F 2-2: Foul Ball, location: 2F 2-2: Ball 3-2: Strikes out swinging
|
Top of the 3rd over - 0 run(s), 2 hit(s), 0 error(s), 1 left on base; BlackIron 2 - New Hampshire 1 |
BOTTOM OF THE 3RD |
New Hampshire Fisher Cats batting - Pitching for BlackIron Dragons : RHP Víctor Ventura
|
Batting: RHB Michael Kent
|
0-0: Fly out, F9 (Flyball, 9M)
|
Batting: RHB Anthony Hezell
|
0-0: Ball 1-0: SOLO HOME RUN (Flyball, 9LD), Distance : 355 ft
|
Batting: LHB Cam Flowers
|
0-0: Ball 1-0: Called Strike 1-1: SINGLE (Groundball, 4MD)
|
Batting: RHB Felipe Rivas
|
0-0: Ball 1-0: Called Strike 1-1: Ball 2-1: Fly out, F9 (Flyball, 9D)
|
Batting: RHB Si-xun Li
|
0-0: Ball 1-0: Ball 2-0: Ground out 5-3 (Groundball, 5L)
|
Bottom of the 3rd over - 1 run(s), 2 hit(s), 0 error(s), 1 left on base; BlackIron 2 - New Hampshire 2 |
TOP OF THE 4TH |
BlackIron Dragons batting - Pitching for New Hampshire Fisher Cats : RHP Ron Scott
|
Batting: LHB Donnie Cunningham
|
0-0: Called Strike 0-1: Ball 1-1: Foul Ball, location: 2F 1-2: Strikes out swinging
|
Batting: RHB Frank Maxwell
|
0-0: Ball 1-0: Called Strike 1-1: Ball 2-1: Foul Ball, location: 2F 2-2: Foul Ball, location: 2F 2-2: Strikes out swinging
|
Batting: RHB Mark Arnold
|
0-0: Ball 1-0: Foul Ball, location: 2F 1-1: Fly out, F9 (Flyball, 89D)
|
Top of the 4th over - 0 run(s), 0 hit(s), 0 error(s), 0 left on base; BlackIron 2 - New Hampshire 2 |
BOTTOM OF THE 4TH |
New Hampshire Fisher Cats batting - Pitching for BlackIron Dragons : RHP Víctor Ventura
|
Batting: RHB José Sánchez
|
0-0: Called Strike 0-1: Ball 1-1: Ball 2-1: Fly out, F9 (Flyball, 9S)
|
Batting: LHB Tony Rivera
|
0-0: Ball 1-0: Foul Ball, location: 2F 1-1: Ground out 4-3 (Groundball, 4)
|
Batting: RHB Albert Alemán
|
0-0: Ball 1-0: Ball 2-0: Ball 3-0: Foul Ball, location: 2F 3-1: Base on Balls
|
Batting: RHB Benjamin Lawson
|
0-0: Called Strike 0-1: Called Strike 0-2: Ball 1-2: Foul Ball, location: 2F 1-2: Strikes out swinging
|
Bottom of the 4th over - 0 run(s), 0 hit(s), 0 error(s), 1 left on base; BlackIron 2 - New Hampshire 2 |
TOP OF THE 5TH |
BlackIron Dragons batting - Pitching for New Hampshire Fisher Cats : RHP Ron Scott
|
Batting: RHB Doug O'Brien
|
0-0: Foul Ball, location: 2F 0-1: Ball 1-1: Ball 2-1: Fly out, F7 (Flyball, 78D)
|
Batting: RHB Eugene Payne
|
0-0: Foul Ball, location: 2F 0-1: Ground out 4-3 (Groundball, 4)
|
Batting: RHB Juan Hernández
|
0-0: Foul Ball, location: 2F 0-1: Ball 1-1: Foul Ball, location: 2F 1-2: Strikes out swinging
|
Top of the 5th over - 0 run(s), 0 hit(s), 0 error(s), 0 left on base; BlackIron 2 - New Hampshire 2 |
BOTTOM OF THE 5TH |
New Hampshire Fisher Cats batting - Pitching for BlackIron Dragons : RHP Víctor Ventura
|
Batting: RHB Michael Kent
|
0-0: Ball 1-0: Ground out 5-3 (Groundball, 5)
|
Batting: RHB Anthony Hezell
|
0-0: Ball 1-0: Ball 2-0: Foul Ball, location: 2F 2-1: Foul Ball, location: 2F 2-2: Foul Ball, location: 2F 2-2: Ball 3-2: Base on Balls
|
Pitching: RHP Bret McJannett
|
|
Batting: LHB Cam Flowers
|
0-0: Ball 1-0: Ball Wild Pitch! Anthony Hezell to second 2-0: Ball 3-0: Base on Balls
|
Batting: RHB Felipe Rivas
|
0-0: Called Strike 0-1: Called Strike 0-2: Fly out, F9 (Flyball, 9M)
|
Batting: RHB Si-xun Li
|
0-0: Called Strike 0-1: Ball 1-1: TRIPLE (Line Drive, 78D) Anthony Hezell scores Cam Flowers scores
|
Batting: RHB José Sánchez
|
0-0: Swinging Strike 0-1: Ground out 1-3 (Groundball, 15S)
|
Bottom of the 5th over - 2 run(s), 1 hit(s), 0 error(s), 1 left on base; BlackIron 2 - New Hampshire 4 |
TOP OF THE 6TH |
BlackIron Dragons batting - Pitching for New Hampshire Fisher Cats : RHP Ron Scott
|
Batting: RHB José Colón
|
0-0: Ball 1-0: Called Strike 1-1: Ball 2-1: Called Strike 2-2: Foul Ball, location: 2F 2-2: SINGLE (Line Drive, 4MD)
|
Batting: RHB Gil Palmer
|
0-0: Ball 1-0: Ground out 5-3 (Groundball, 6) José Colón to second
|
Batting: LHB Culley Vaughan
|
0-0: Ball 1-0: Swinging Strike 1-1: Foul Ball, location: 2F 1-2: Strikes out swinging
|
Batting: LHB Donnie Cunningham
|
0-0: Ball 1-0: Ground out 6-3 (Groundball, 6M)
|
Top of the 6th over - 0 run(s), 1 hit(s), 0 error(s), 1 left on base; BlackIron 2 - New Hampshire 4 |
BOTTOM OF THE 6TH |
New Hampshire Fisher Cats batting - Pitching for BlackIron Dragons : RHP Bret McJannett
|
Batting: LHB Tony Rivera
|
0-0: Called Strike 0-1: Ball 1-1: Ball 2-1: SINGLE (Groundball, 56S) (infield hit)
|
Batting: RHB Albert Alemán
|
0-0: Foul Ball, location: 2F 0-1: Ball 1-1: Ball 2-1: Called Strike 2-2: Foul Ball, location: 2F 2-2: Ball 3-2: Foul Ball, location: 2F 3-2: SINGLE (Groundball, 4) Tony Rivera to second Tony Rivera to third
|
Batting: RHB Benjamin Lawson
|
0-0: Called Strike 0-1: Called Strike 0-2: Ball 1-2: Strikes out swinging
|
Batting: RHB Michael Kent
|
0-0: Foul Ball, location: 2F 0-1: Ball 1-1: Ball 2-1: Fly out, F8 (Flyball, 8LS) Runner from 3rd tags up, SCORES, throw made
|
Batting: RHB Anthony Hezell
|
0-0: Ball 1-0: Ball 2-0: Ball 3-0: Called Strike 3-1: Ground out 1-3 (Groundball, 23)
|
Bottom of the 6th over - 1 run(s), 2 hit(s), 0 error(s), 1 left on base; BlackIron 2 - New Hampshire 5 |
TOP OF THE 7TH |
BlackIron Dragons batting - Pitching for New Hampshire Fisher Cats : RHP Ron Scott
|
Batting: RHB Frank Maxwell
|
0-0: SINGLE (Line Drive, 34)
|
Batting: RHB Mark Arnold
|
0-0: Ball 1-0: Swinging Strike 1-1: Called Strike 1-2: Foul Ball, location: 2F 1-2: Foul Ball, location: 2F 1-2: Foul Ball, location: 2F 1-2: Ball 2-2: Grounds into double play, 5-4-3 (Groundball, 56)
|
Batting: RHB Doug O'Brien
|
0-0: Fly out, F9 (Flyball, 9D)
|
Top of the 7th over - 0 run(s), 1 hit(s), 0 error(s), 0 left on base; BlackIron 2 - New Hampshire 5 |
BOTTOM OF THE 7TH |
New Hampshire Fisher Cats batting - Pitching for BlackIron Dragons : RHP Bret McJannett
|
Batting: LHB Cam Flowers
|
0-0: DOUBLE (Groundball, 3L)
|
Batting: RHB Felipe Rivas
|
0-0: Intentional Walk
|
Batting: RHB Si-xun Li
|
0-0: Ball 1-0: Foul Ball, location: 2F 1-1: Ball 2-1: Ball 3-1: TRIPLE (Line Drive, 89XD) Cam Flowers scores Felipe Rivas scores
|
Pitching: RHP Willie Richardson
|
|
Batting: RHB José Sánchez
|
0-0: Swinging Strike 0-1: Called Strike 0-2: Fly out, F3 (Popup, 3S)
|
Batting: LHB Tony Rivera
|
0-0: Ball 1-0: Ball 2-0: Called Strike 2-1: Called Strike 2-2: Ball 3-2: Base on Balls
|
Batting: RHB Albert Alemán
|
0-0: Called Strike 0-1: Foul Ball, location: 2F 0-2: Strikes out swinging
|
Batting: RHB Benjamin Lawson
|
0-0: Ball 1-0: Called Strike 1-1: Ball 2-1: Ball 3-1: Base on Balls Tony Rivera to second
|
Batting: RHB Michael Kent
|
0-0: Ball 1-0: Called Strike 1-1: Ball 2-1: Ball 3-1: Called Strike 3-2: Foul Ball, location: 2F 3-2: Base on Balls Si-xun Li scores Tony Rivera to third Benjamin Lawson to second
|
Batting: RHB Anthony Hezell
|
0-0: Ball 1-0: Ball 2-0: Swinging Strike 2-1: Called Strike 2-2: Ball 3-2: Base on Balls Tony Rivera scores Benjamin Lawson to third Michael Kent to second
|
Batting: LHB Cam Flowers
|
0-0: Called Strike 0-1: Fly out, F3 (Popup, 23F)
|
Bottom of the 7th over - 4 run(s), 2 hit(s), 0 error(s), 3 left on base; BlackIron 2 - New Hampshire 9 |
TOP OF THE 8TH |
BlackIron Dragons batting - Pitching for New Hampshire Fisher Cats : RHP Ron Scott
|
Pitching: LHP David Richardson
|
|
Batting: RHB Eugene Payne
|
0-0: Ball 1-0: Ball 2-0: SOLO HOME RUN (Flyball, 7D), Distance : 410 ft
|
Batting: RHB Juan Hernández
|
0-0: Called Strike 0-1: Ball 1-1: Called Strike 1-2: Foul Ball, location: 2F 1-2: Strikes out looking
|
Batting: RHB José Colón
|
0-0: Foul Ball, location: 2F 0-1: SINGLE (Groundball, 56)
|
Batting: RHB Gil Palmer
|
0-0: Ball 1-0: Called Strike 1-1: Grounds into double play, 4-6-3 (Groundball, 4)
|
Top of the 8th over - 1 run(s), 2 hit(s), 0 error(s), 0 left on base; BlackIron 3 - New Hampshire 9 |
BOTTOM OF THE 8TH |
New Hampshire Fisher Cats batting - Pitching for BlackIron Dragons : RHP Willie Richardson
|
Batting: RHB Felipe Rivas
|
0-0: Called Strike 0-1: Foul Ball, location: 2F 0-2: Hit by Pitch
|
Batting: RHB Si-xun Li
|
0-0: Ball 1-0: Ball 2-0: Ball 3-0: Base on Balls Felipe Rivas to second
|
Batting: RHB José Sánchez
|
0-0: Bunted foul 0-1: Sac Bunt - play at first, batter safe! Felipe Rivas to third Si-xun Li to second
|
Batting: LHB Tony Rivera
|
0-0: Swinging Strike 0-1: Called Strike 0-2: DOUBLE (Groundball, 5L) Felipe Rivas scores Si-xun Li scores José Sánchez to third
|
Batting: RHB Albert Alemán
|
0-0: Ground out 1-3 (Groundball, 13S)
|
Batting: RHB Benjamin Lawson
|
0-0: Ball 1-0: Foul Ball, location: 2F 1-1: Foul Ball, location: 2F 1-2: Strikes out swinging
|
Batting: RHB Michael Kent
|
0-0: Swinging Strike 0-1: Swinging Strike 0-2: Ball 1-2: Ball 2-2: Strikes out looking
|
Bottom of the 8th over - 2 run(s), 2 hit(s), 0 error(s), 2 left on base; BlackIron 3 - New Hampshire 11 |
TOP OF THE 9TH |
BlackIron Dragons batting - Pitching for New Hampshire Fisher Cats : LHP David Richardson
|
Now at C: Tim Robertson
|
|
Batting: LHB Culley Vaughan
|
0-0: Swinging Strike 0-1: Ball 1-1: Foul Ball, location: 2F 1-2: Strikes out swinging, 2-3 out at first.
|
Batting: LHB Donnie Cunningham
|
0-0: Called Strike 0-1: Ball 1-1: Foul Ball, location: 2F 1-2: Foul Ball, location: 2F 1-2: Ground out 6-3 (Groundball, 6M)
|
Batting: RHB Frank Maxwell
|
0-0: Swinging Strike 0-1: Swinging Strike 0-2: Strikes out swinging
|
Top of the 9th over - 0 run(s), 0 hit(s), 0 error(s), 0 left on base; BlackIron 3 - New Hampshire 11 |
|